 Dungeon Crawl Stone Soup version 0.30-a0-779-g7971cf19c3 (webtiles) character file.

Game seed: 11080016140204007839

6062 kae the Geomancer (level 10, -3/50 HPs)
             Began as a Gargoyle Earth Elementalist on Feb 17, 2023.
             Slain by a reaper
             ... wielding a +1 scythe of freezing
              (9 damage)
             ... in an ice cave.
             The game lasted 00:09:14 (9419 turns).

kae the Geomancer (Gargoyle Earth Elementalist)     Turns: 9419, Time: 00:09:15

Health: -3/50      AC: 16    Str: 12    XL:     10   Next: 87%
Magic:  17/23      EV: 11    Int: 20    God:
Gold:   528        SH:  0    Dex: 10    Spells: 17/27 levels left

rFire   . . .      SeeInvis +    j - +3 whip (elec)
rCold   . . .      Faith    .    (no shield)
rNeg    + . .      Spirit   .    y - +0 troll leather armour
rPois   ∞          Reflect  .    t - +0 helmet
rElec   +          Harm     .    r - +2 cloak
rCorr   .          Rampage  .    k - +0 pair of gloves
Will    +....                    (no boots)
Stlth   ++                       (no amulet)
HPRegen 1.08/turn                u - ring of willpower
MPRegen 0.18/turn                v - ring of see invisible

@: no status effects
A: sickness immunity, AC +7, negative energy resistance 1, electricity
resistance, torment resistance 1, petrification resistance
a: no special abilities


You were in an ice cave.
You visited 2 branches of the dungeon, and saw 10 of its levels.
You also visited: Ice Cave.

You collected 528 gold pieces.


Innate Abilities, Weirdness & Mutations

You are immune to sickness and miasma.
Your stone body is resilient. (AC +7)
You are immune to poison.
You resist negative energy. (rN+)
You are resistant to electric shocks. (rElec)
You are resistant to unholy torment.
You are immune to petrification.


   Skills:
 - Level 1.5 Dodging
 - Level 2.1 Stealth
 + Level 9.0 Spellcasting
 + Level 10.1 Conjurations
 - Level 0.7 Transmutations
 - Level 11.4 Earth Magic


You had 17 spell levels left.
You knew the following spells:

 Your Spells              Type           Power      Damage    Failure   Level
a - Sandblast             Erth           100%       2d20      1%          1
b - Stone Arrow           Conj/Erth      100%       3d13      1%          3
c - Passwall              Tmut/Erth      27%        N/A       1%          2
d - Petrify               Tmut/Erth      33%        N/A       9%          4

Your spell library contained the following spells:

 Spells                   Type           Power      Damage    Failure   Level
 Momentum Strike          Conj/Tloc      58%        3d9       1%          2
 Sticky Flame             Conj/Fire      29%        2d5       12%         4
 Blink                    Tloc           18%        N/A       14%         2
 Ensorcelled Hibernation  Hex/Ice        18%        N/A       14%         2
 Lesser Beckoning         Tloc           18%        N/A       14%         2
 Ignite Poison            Fire/Tmut/Pois 10%        N/A       26%         3
 Ozocubu's Armour         Ice            9%         N/A       28%         3
 Swiftness                Air            9%         N/A       28%         3
 Animate Dead             Necr           9%         N/A       67%         4
 Cause Fear               Hex            4%         N/A       67%         4
 Metabolic Englaciation   Hex/Ice        4%         N/A       95%         5
 Simulacrum               Ice/Necr       4%         N/A       100%        6
 Dragon Form              Tmut           5%         N/A       100%        7
 Haunt                    Necr/Summ      4%         N/A       100%        7
 Ignition                 Fire           4%         3d4       100%        8
 Infestation              Necr           4%         N/A       100%        8
 Dragon's Call            Summ           4%         N/A       100%        9

Inventory:

Hand Weapons
 j - a +3 whip of electrocution (weapon)
   (You took it off a kobold on level 1 of the Dungeon)
Missiles
 c - 58 poisoned darts
 h - 82 stones
 m - 4 curare-tipped darts {=f}
 n - 5 boomerangs
 s - 5 boomerangs of dispersal {=f!f}
 x - a throwing net {=f!f}
 C - 4 javelins
Armour
 k - a +0 pair of gloves (worn)
   (You found it on level 1 of the Dungeon)
 r - a +2 cloak (worn)
   (You found it on level 3 of the Dungeon)
 t - a +0 helmet (worn)
   (You found it on level 3 of the Dungeon)
 y - a +0 troll leather armour (worn)
   (You found it on level 11 of the Dungeon)
Jewellery
 u - a ring of willpower (left hand)
   (You found it on level 5 of the Dungeon)
 v - a ring of see invisible (right hand)
   (You found it on level 1 of the Dungeon)
 L - a ring of flight
   (You found it on level 1 of the Dungeon)
Wands
 a - a wand of roots (6)
   (You found it in an ice cave)
 q - a wand of flame (23)
   (You found it on level 7 of the Dungeon)
 w - a wand of polymorph (6)
   (You took it off Natasha on level 3 of the Dungeon)
Scrolls
 p - a scroll of poison
 z - a scroll of enchant armour
 A - 4 scrolls of teleportation {@r4}
 D - a scroll of enchant weapon {unknown}
Potions
 b - 3 potions of magic
 d - 2 potions of ambrosia
 e - a potion of degeneration {!q}
 f - 5 potions of flight
 g - 8 potions of curing {@q1}
 i - 5 potions of lignification {!q}
 l - a potion of invisibility
 o - 2 potions of might
 B - a potion of berserk rage {!q}
 E - 2 potions of brilliance

Dungeon Overview and Level Annotations

Branches:
Dungeon (11/15) Zot: 26888  Temple (1/1) D:5 Zot: 5947     Orc (0/2) D:11
  IceCv (1/1) Zot: 4913
   Lair: D:8-11

Altars:
Cheibriados
Elyvilon
Kikubaaqudgha
Makhleb
Nemelex Xobeh
Okawaru
Qazlal
Ru
Sif Muna
Trog
Xom
Zin
The Shining One

Annotations:
D:6 exclusion: upstairs
D:8 Gastronok

...#. .$ #..##### .###
###....### .Z.##
###....#...## .ZZ.#
##.....####..###42Z#
###.....#####..##...#
##....######...##..###
#....## #.....###..#
...### ##)..#@#.##.#
.######### ######2##
.# ...##....### ### #
###....#...###
#######....### ##
####...## .. ##
##...##.# .###
##.....# #..#
##..⌠..#.#


You could see a reaper.


Message History

You lost 3 mp, and now have 13/22 mp.
Unknown command.
Casting: Stone Arrow (safe; 1% risk of failure)
Confirm with . or Enter, or press ? or * to list all spells.
Aiming: Stone Arrow (safe; 1% risk of failure)
Press: ? - help, Shift-Dir - straight line, f/p - ice statue
Aim: an ice statue (severely damaged, 100% to hit)
The stone arrow hits the ice beast!
The ice statue glitters chillingly in the dim dungeon light.
The ice statue gestures at you.
The freezing blast engulfs the ice beast.
The ice beast completely resists.
The ice beast misses you. 😎 MP[-3]
You lost 3 mp, and now have 10/22 mp.
Unknown command.
Casting: Stone Arrow (safe; 1% risk of failure)
Confirm with . or Enter, or press ? or * to list all spells.
Aiming: Stone Arrow (safe; 1% risk of failure)
Press: ? - help, Shift-Dir - straight line, f/p - ice statue
Aim: an ice statue (freezing vapour, severely damaged, 100% to hit)
The stone arrow hits the ice beast!!
You kill the ice beast!
The ice beast disappears in a puff of smoke!
You are engulfed in freezing vapours.
The ice statue gestures. 😕 HP[-11] MP[-2]
You take 11 damage, and now have 39/50 hp.
MASSIVE DAMAGE!! (PAUSE)
You lost 2 mp, and now have 8/22 mp.
Casting: Stone Arrow (safe; 1% risk of failure)
Confirm with . or Enter, or press ? or * to list all spells.
Aiming: Stone Arrow (safe; 1% risk of failure)
Press: ? - help, Shift-Dir - straight line, f/p - ice statue
Aim: an ice statue (freezing vapour, severely damaged, 100% to hit)
The stone arrow hits the ice statue.
You are engulfed in freezing vapours. 😕 HP[-1] MP[-3]
You take 1 damage, and now have 38/50 hp.
You lost 3 mp, and now have 5/22 mp.
Unknown command.
Casting: Stone Arrow (safe; 1% risk of failure)
Confirm with . or Enter, or press ? or * to list all spells.
Aiming: Stone Arrow (safe; 1% risk of failure)
Press: ? - help, Shift-Dir - straight line, f/p - ice statue
Aim: an ice statue (freezing vapour, severely damaged, 100% to hit)
The stone arrow hits the ice statue!!
You destroy the ice statue!
The ice beast disappears in a puff of smoke!
You are engulfed in freezing vapours.
Your Spellcasting skill increases to level 9!
Your Conjurations skill increases to level 10! 😮 HP[-4] MP[-3]
You take 4 damage, and now have 34/50 hp.
You lost 3 mp, and now have 2/23 mp.
Unknown command. 😮 HP[+1] 😮 HP[+1]
You start resting. 😕 HP[+6] MP[+1]
You regained 6 hp, and now have 42/50 hp.
You start resting. 😎 HP[+8] MP[+2]
Your hp is fully restored (50).
You regained 2 mp, and now have 5/23 mp.
You start resting. 😎 MP[+14]
You regained 14 mp, and now have 19/23 mp.
You start resting. 😎 MP[+4]
Your mp is fully restored (23).
D - a scroll labelled NOR IXAFIRI You see here a +3 scimitar of freezing.
A reaper, 4 simulacra and an ice devil come into view.
The reaper is wielding a +1 scythe of freezing.
Unknown command.
Unknown command.
You start waiting.
A reaper is nearby!
Casting: Stone Arrow (safe; 1% risk of failure)
Confirm with . or Enter, or press ? or * to list all spells.
Aiming: Stone Arrow (safe; 1% risk of failure)
Press: ? - help, Shift-Dir - straight line, f - reaper
Aim: a reaper, wielding a +1 scythe of freezing (78% to hit)
The stone arrow hits the reaper!!
The reaper hits you with a +1 scythe of freezing!
The reaper freezes you. 😮 HP[-17] MP[-3]
You take 17 damage, and now have 33/50 hp.
MASSIVE DAMAGE!! (PAUSE)
You lost 3 mp, and now have 20/23 mp.
Casting: Stone Arrow (safe; 1% risk of failure)
Confirm with . or Enter, or press ? or * to list all spells.
Aiming: Stone Arrow (safe; 1% risk of failure)
Press: ? - help, Shift-Dir - straight line, f/p - reaper
Aim: a reaper, wielding a +1 scythe of freezing (moderately wounded, 78% to hit)
The stone arrow hits the reaper.
The reaper hits you with a +1 scythe of freezing!!
Ouch! That really hurt!
* * * LOW HITPOINT WARNING * * *
The reaper freezes you!
You die...

Skill      XL: |  1  2  3  4  5  6  7  8  9 10 |
---------------+-------------------------------+-----
Earth Magic    | 4 5 6 7 8 10 11 | 11.4
Spellcasting   | 3 4 5 6 7 9 |  9.0
Conjurations   | 2 4 5 6 8 10 | 10.1
Dodging        | |  1.5
Stealth        | |  2.1
Transmutations | |  0.7

Action                     |  1- 3 |  4- 6 |  7- 9 | 10-12 || total
---------------------------+-------+-------+-------+-------++-------
  Melee: Whip              |     1 |    12 |    13 |       ||    26
         Unarmed           |       |       |     1 |       ||     1
   Cast: Sandblast         |    51 |    52 |   146 |    74 ||   323
         Stone Arrow       |       |       |    29 |    34 ||    63
  Evoke: Wand              |       |       |     1 |       ||     1
    Use: Scroll            |     2 |     5 |     8 |     6 ||    21
         Potion            |       |       |     1 |     1 ||     2
 Armour: Robe              |     4 |    20 |    57 |     2 ||    83
         Troll leather arm |       |       |       |    18 ||    18
  Dodge: Dodged            |    10 |    33 |    68 |    11 ||   122

Levels and vault maps discovered:
D:1:      psy_arrival_spokes, layout_basic, dreamdust_ecumenical_altar_grove
D:2:      layout_loops_cross, nrook_campfire, uniq_sigmund
D:3:      layout_basic, general_overflow_altar, minmay_misc_feat_tiny,
          corexii_corridor_pit, uniq_terence
D:4:      layout_gridville, tgw_sif, kennysheep_mini_moat, uniq_grinder,
          uniq_natasha, uniq_duvessa
D:5:      layout_loops_ring, kennysheep_mini, mainiacjoe_overflow_24_doors,
          minmay_temple_entry_from_below_a
D:6:      layout_loops_ring
D:7:      layout_basic, uniq_joseph, uniq_prince_ribbit1
D:8:      layout_rooms, nicolae_ru_sacrificial_ziggurat,
          nzn_wu_jian_council_hall, beargit_hepliaklqana_dungeon_heroes,
          serial_shops, nicolae_shop_hallway_stairs, minmay_checkerbox,
          uniq_gastronok
D:11:     gammafunk_sealed_arena, layout_gridville, erik_orc_1, serial_ice,
          serial_ice_h, serial_ice_l, serial_ice_n, serial_ice_e,
          portal_ice_cave_rime, gammafunk_ghost_hydra_chop, cheibriados_altar_1
Temple:   hellmonk_temple_of_storms
IceCv:    ice_cave_caverns_01

Notes
Turn   | Place    | Note
-------+----------+-------------------------------------------
     0 | D:1      | kae the Gargoyle Earth Elementalist began the quest for the
                  | Orb.
     0 | D:1      | Reached XP level 1. HP: 10/10 MP: 3/3
     0 | D:1      | magus.rc [v1.11.3]
   192 | D:1      | Reached XP level 2. HP: 15/15 MP: 3/5
   204 | D:1      | You pick up a book of the Dragon and begin reading...
   204 | D:1      | You add the spells Cause Fear, Dragon Form and Dragon's
                  | Call to your library.
   218 | D:1      | Reached skill level 4 in Earth Magic
   825 | D:1      | Reached XP level 3. HP: 19/19 MP: 1/6
   829 | D:1      | Learned a level 3 spell: Stone Arrow
   832 | D:1      | Learned a level 2 spell: Passwall
   943 | D:1      | Found a faded altar of an unknown god.
  1327 | D:2      | Noticed Sigmund
  1333 | D:2      | Killed Sigmund
  1334 | D:2      | Reached skill level 3 in Spellcasting
  1334 | D:2      | Reached skill level 2 in Conjurations
  1334 | D:2      | Reached skill level 5 in Earth Magic
  1334 | D:2      | Reached XP level 4. HP: 14/24 MP: 3/9
  1334 | D:2      | Reached XP level 5. HP: 17/28 MP: 3/10
  1870 | D:3      | Reached XP level 6. HP: 32/32 MP: 9/11
  1930 | D:3      | Found a glowing golden altar of the Shining One.
  1949 | D:3      | Reached skill level 3 in Conjurations
  2037 | D:3      | Noticed Terence
  2070 | D:3      | Killed Terence
  2534 | D:3      | Reached skill level 4 in Spellcasting
  2609 | D:3      | You pick up a book of Spatial Translocations and begin
                  | reading...
  2609 | D:3      | You add the spells Blink, Momentum Strike and Lesser
                  | Beckoning to your library.
  2723 | D:3      | Learned a level 4 spell: Petrify
  2905 | D:4      | Noticed Grinder
  2906 | D:4      | Paralysed by Grinder for 3 turns
  2916 | D:4      | Killed Grinder
  2917 | D:4      | Reached skill level 4 in Conjurations
  2917 | D:4      | Reached skill level 6 in Earth Magic
  2917 | D:4      | Reached XP level 7. HP: 18/36 MP: 7/13
  3120 | D:4      | Noticed Blork the orc
  3126 | D:4      | Killed Blork the orc
  3135 | D:4      | Found a shimmering blue altar of Sif Muna.
  3188 | D:4      | Noticed Duvessa
  3188 | D:4      | Noticed Dowan
  3202 | D:4      | Killed Duvessa
  3203 | D:4      | HP: 9/36 [Dowan/shard of ice (12)]
  3204 | D:4      | Killed Dowan
  3317 | D:4      | Reached skill level 7 in Earth Magic
  3326 | D:3      | Reached skill level 5 in Spellcasting
  3443 | D:4      | Noticed Natasha
  3474 | D:3      | Killed Natasha
  3475 | D:3      | Reached skill level 5 in Conjurations
  3475 | D:3      | Reached XP level 8. HP: 21/41 MP: 12/15
  3618 | D:3      | Noticed Natasha
  3621 | D:3      | Killed Natasha
  3657 | D:3      | Noticed Natasha
  3659 | D:3      | Killed Natasha
  4092 | D:3      | Found a glowing golden altar of the Shining One.
  4450 | D:4      | Found a glowing silver altar of Zin.
  5071 | D:4      | Found a glowing silver altar of Zin.
  5199 | D:4      | Found a shimmering blue altar of Sif Muna.
  5237 | D:5      | Entered Level 5 of the Dungeon
  5250 | D:5      | Noticed a yak
  5265 | D:5      | Noticed a yak
  5286 | D:4      | Killed a yak
  5321 | D:5      | Noticed a yak
  5328 | D:4      | Killed a yak
  5404 | D:4      | Killed a yak
  5405 | D:4      | Reached skill level 6 in Conjurations
  5405 | D:4      | Reached skill level 8 in Earth Magic
  5541 | D:5      | Reached skill level 6 in Spellcasting
  5749 | D:5      | Found an ancient bone altar of Kikubaaqudgha.
  5791 | D:5      | Reached XP level 9. HP: 45/45 MP: 10/18
  5879 | D:5      | Found a staircase to the Ecumenical Temple.
  6017 | D:5      | You pick up a book of Death and begin reading...
  6017 | D:5      | You add the spells Animate Dead, Haunt and Infestation to
                  | your library.
  6119 | D:5      | Reached skill level 7 in Conjurations
  6119 | D:5      | Reached skill level 9 in Earth Magic
  6265 | D:5      | Found a stormy altar of Qazlal.
  6538 | Temple   | Entered the Ecumenical Temple
  6698 | D:6      | You pick up a book of Winter and begin reading...
  6698 | D:6      | You add the spells Ozocubu's Armour, Metabolic Englaciation
                  | and Simulacrum to your library.
  6930 | D:6      | You add the spells Ignite Poison, Sticky Flame and Ignition
                  | to your library.
  6934 | D:6      | You pick up a book of Burglary and begin reading...
  6934 | D:6      | You add the spells Ensorcelled Hibernation and Swiftness to
                  | your library.
  7364 | D:7      | Reached skill level 7 in Spellcasting
  7615 | D:7      | Noticed Joseph
  7619 | D:7      | Joseph changed into Joseph the ice beast
  7619 | D:7      | Noticed Joseph
  7622 | D:7      | Killed Joseph the ice beast
  7623 | D:7      | Reached skill level 8 in Conjurations
  7751 | D:7      | Reached skill level 10 in Earth Magic
  7915 | D:7      | Reached XP level 10. HP: 50/50 MP: 18/21
  8000 | D:7      | Noticed Prince Ribbit
  8006 | D:7      | Killed Prince Ribbit
  8037 | D:7      | Identified the +0 chain mail of Lioko {Str-5 Dex+7 Slay+2
                  | Stlth-}
  8213 | D:8      | Found a sacrificial altar of Ru.
  8215 | D:8      | Noticed Gastronok
  8235 | D:8      | You fall into a shaft and drop 3 floors!
  8260 | D:11     | Reached skill level 8 in Spellcasting
  8331 | D:11     | Reached skill level 9 in Conjurations
  8333 | D:11     | Reached skill level 11 in Earth Magic
  8336 | D:11     | Found a frozen archway.
  8344 | IceCv    | Entered an ice cave
  8885 | IceCv    | HP: 3/50 [dire elephant simulacrum (25)]
  9216 | IceCv    | Noticed an ice statue
  9278 | IceCv    | Killed an ice statue
  9279 | IceCv    | Reached skill level 9 in Spellcasting
  9279 | IceCv    | Reached skill level 10 in Conjurations
  9410 | IceCv    | Noticed a reaper
  9419 | IceCv    | HP: 6/50 [reaper/+1 scythe of freezing (28)]
  9419 | IceCv    | Slain by a reaper

Vanquished Creatures
  An ice statue (IceCv)
  2 rime drakes (D:11)
  A troll (D:11)
  Prince Ribbit (D:7)
  Grinder (D:4)
  Sigmund (D:2)
  A dire elephant simulacrum (IceCv)
  3 yaks (D:4)
  3 death yak simulacra (IceCv)
  A hydra simulacrum (IceCv)
  Duvessa (D:4)
  2 water moccasins
  2 orc warriors (D:7)
  3 ice beasts
  2 black bears
  An ogre (D:6)
  A centaur (D:5)
  2 phantoms
  2 kobold brigands (D:7)
  Blork the orc (D:4)
  3 bullfrogs (D:7)
  A necrophage (D:5)
  A cane toad simulacrum (IceCv)
  A two-headed ogre simulacrum (IceCv)
  Dowan (D:4)
  3 killer bees (D:11)
  An elephant simulacrum (IceCv)
  2 howler monkeys (D:6)
  A hound (D:6)
  5 orc priests
  Terence (D:3)
  4 iguanas
  7 orc wizards
  Natasha (thrice) (D:3)
  9 troll simulacra (IceCv)
  6 spriggan simulacra (IceCv)
  A wolf simulacrum (IceCv)
  4 gnolls (D:3)
  7 adders
  7 naga simulacra (IceCv)
  4 white imps (IceCv)
  5 ufetubi
  A worm (D:4)
  2 dart slugs (D:3)
  14 orcs
  3 endoplasms (D:1)
  3 giant cockroaches
  7 goblins
  8 hobgoblins
  5 jackals
  A quokka (D:3)
  6 ball pythons
  9 bats
  3 frilled lizards
  19 kobolds
  6 rats
196 creatures vanquished.

Table legend:
 A = Non-vault XP
 B = Vault XP
 C = Vault XP percentage of total XP
 D = Non-vault monster count
 E = Vault monster count
 F = Vault count percentage of total count
                 A         B        C        D         E       F
            +---------+---------+-------+---------+---------+-------
      Total |    4340 |    4320 |  49.9 |     145 |      51 |  26.0
            +---------+---------+-------+---------+---------+-------
        D:1 |      40 |       0 |   0.0 |      27 |       0 |   0.0
        D:2 |      31 |     239 |  88.5 |      12 |       1 |   7.7
        D:3 |     261 |      71 |  21.4 |      25 |       2 |   7.4
        D:4 |     781 |     600 |  43.4 |      19 |       4 |  17.4
        D:5 |     796 |       0 |   0.0 |      12 |       0 |   0.0
        D:6 |     651 |       0 |   0.0 |      10 |       0 |   0.0
        D:7 |    1279 |     415 |  24.5 |      36 |       2 |   5.3
       D:11 |     501 |     728 |  59.2 |       4 |       2 |  33.3
      IceCv |       0 |    2267 | 100.0 |       0 |      40 | 100.0
            +---------+---------+-------+---------+---------+-------

Illustrated notes

Table legend:
 A = Kills in this place as a percentage of kills in entire the game.
 B = Kills by you in this place as a percentage of kills by you in the entire game.
 C = Kills by friends in this place as a percentage of kills by friends in the entire game.
 D = Other kills in this place as a percentage of other kills in the entire game.
 E = Experience gained in this place as a percentage of experience gained in the entire game.
 F = Experience gained in this place divided by the number of levels of this place that you have seen.
                   A       B       C       D       E      F
               +-------+-------+-------+-------+-------+----------------------
         Total | 100.0 | 100.0 |   N/A |   N/A | 100.0 | 787.3
       Dungeon |  79.6 |  79.6 |   N/A |   N/A |  73.8 | 710.3
      Ice Cave |  20.4 |  20.4 |   N/A |   N/A |  26.2 | 2267.0
               +-------+-------+-------+-------+-------+----------------------

Table legend: (Time is in decaauts)
 A = Elapsed time spent in this place.
 B = Non-inter-level travel time spent in this place.
 C = Inter-level travel time spent in this place.
 D = Time resting spent in this place.
 E = Time spent auto-exploring this place.
 F = Levels seen in this place.
 G = Mean time per level.
                   A        B        C        D        E       F      G
               +--------+--------+--------+--------+--------+-----+--------+
         Total |   9564 |   9348 |    216 |    801 |   7277 |  11 |  869.5 |
       Dungeon |   8426 |   8217 |    209 |    487 |   6665 |   9 |  936.2 |
        Temple |     52 |     45 |      7 |      0 |     40 |   1 |   52.0 |
      Ice Cave |   1085 |   1085 |      0 |    313 |    572 |   1 | 1085.0 |
               +--------+--------+--------+--------+--------+-----+--------+

Top non-repeatable levels by time:
     D:3: 1824 daAuts
     D:4: 1809 daAuts
     D:5: 1176 daAuts
     D:1: 1104 daAuts
   IceCv: 1085 daAuts
     D:7: 864 daAuts
     D:6: 794 daAuts
     D:2: 714 daAuts
    D:11: 111 daAuts
  Temple: 52 daAuts
     D:8: 26 daAuts
